[Event "12th WLC Weekend 2022"]
[Site "Eindhoven"]
[Date "2022.05.14"]
[Round "4.16"]
[White "Van de Put, Jeroen"]
[Black "Lind, Jacco"]
[Result "1/2-1/2"]
[ECO "C45"]
[WhiteElo "1987"]
[BlackElo "1801"]
[Annotator "TA"]
[PlyCount "74"]
[EventDate "2022.05.13"]
[EventType "swiss"]
[EventCountry "NED"]
[SourceTitle "playchess.com"]
[Source "ChessBase"]
[SourceQuality "1"]
[TimeControl "5400+30"]

1. e4 e5 2. Nf3 Nc6 3. d4 exd4 4. Nxd4 Nf6 5. Nxc6 bxc6 6. e5 Qe7 7. Qe2 Nd5 8. c4 Nb6 9. Nc3 Qe6 10. Qe4 d5 {[%emt 0:00:36] C45: Scotch Game.} 11. exd6 Qxe4+ 12. Nxe4 cxd6 {[%emt 0:00:05] The position is equal.} 13. b3 Be7 14. Bb2 O-O 15. O-O-O d5 16. cxd5 cxd5 17. Ng3 {[%emt 0:01:03] [#]} Bc5 $146 ({Predecessor:} 17... a5 18. Bd3 a4 19. Nf5 Bxf5 20. Bxf5 axb3 21. axb3 g6 22. Bg4 Rfd8 23. Rhe1 Ba3 {½-½ (35) Siklosi,Z (2280)-Steiner,B (2280) Kecskemet 1992}) 18. f3 f5 (18... a5 $11 {keeps the balance.}) 19. Bd3 $16 a5 20. Kb1 g6 (20... f4 $14) 21. Ne2 {[%emt 0:05:57] White is more active.} a4 22. Bc2 ({White should try} 22. h4 $14) 22... Be6 $11 23. Nf4 Bf7 24. Rhe1 Rfe8 {[%emt 0:02:56] Against Ne6} (24... Bb4 $11) 25. Rxe8+ $16 Rxe8 26. bxa4 Be3 27. Nd3 (27. Bc1 $16) 27... Nc4 $11 28. Bb3 Nd2+ 29. Ka1 Rc8 30. Ne5 (30. Nc1 $16) 30... Be6 $1 31. Re1 Nxb3+ 32. axb3 d4 33. b4 ({White should play} 33. Ka2 $1 $14) 33... Bb3 $15 34. a5 Bd2 {[%emt 0:01:01][%csl LRb4,LRe1] This bishop pair is nice.} (34... f4 $5 ) 35. Re2 ({Much weaker is} 35. Rb1 Bc2 36. a6 Bxb1 $15) 35... Bxb4 {[%emt 0:00:32] And now ...Rd8 would win.} 36. Bxd4 {[%emt 0:01:24] [#] Strongly threatening a6.} Bxa5 37. Kb2 Ba4 {[%emt 0:03:00] Weighted Error Value: White=0.22 (precise) /Black=0.19 (very precise)} 1/2-1/2

[Event "12th WLC Weekend 2022"]
[Site "Eindhoven"]
[Date "2022.05.14"]
[Round "4.17"]
[White "Bakija, Alan"]
[Black "Plasmans, Bart"]
[Result "1-0"]
[ECO "A81"]
[WhiteElo "1868"]
[BlackElo "1775"]
[Annotator "NA RC COMBH"]
[PlyCount "60"]
[EventDate "2022.05.13"]
[EventType "swiss"]
[EventCountry "NED"]
[SourceTitle "playchess.com"]
[Source "ChessBase"]
[SourceQuality "1"]
[TimeControl "5400+30"]

1. Nf3 e6 2. g3 f5 3. c4 Nf6 4. Bg2 c5 5. O-O Nc6 6. d4 cxd4 7. Nxd4 Be7 8. b3 O-O 9. Bb2 a6 10. Nd2 Qe8 11. e4 Qg6 12. exf5 exf5 13. Ne2 Nh5 14. Bf3 Bf6 15. Bxh5 Qxh5 16. Bxf6 Rxf6 17. Nf4 Qxd1 18. Rb1 Qc1 19. Rbxc1 Ne7 20. Rcd1 (20. Rfe1 $18 Kf8 21. Nf3) 20... g5 21. c5 $2 d6 22. Nd3 d5 (22... dxc5 $14 23. f4 (23. Nxc5 b6 $14) 23... gxf4) 23. Nc4 $2 b5 24. Nb6 Ra7 25. Nxc8 Nxc8 26. Rc1 a5 27. Kg2 g4 28. b4 Rb6 $2 (28... axb4 $16 29. Nxb4 f4 30. gxf4 (30. Nxd5 f3+ 31. Kg1 Re6 $16) 30... Rxf4 31. Nxd5 Rd4) 29. h3 $2 (29. cxb6 Nxb6 30. Rc5) 29... Rf6 $18 (29... gxh3+ $16 30. Kh2 (30. Kxh3 Re6 $16) 30... Re6) 30. Nf4 (30. hxg4 $18 fxg4 31. Rfe1) 30... a4 $2 (30... gxh3+ $16 31. Kh2 (31. Kxh3 Rh6+ 32. Kg2 axb4 $16) 31... axb4) 1-0

[Event "12th WLC Weekend 2022"]
[Site "Eindhoven"]
[Date "2022.05.14"]
[Round "4.18"]
[White "Krenning, Jasper"]
[Black "Kools, Jasper"]
[Result "0-1"]
[ECO "B23"]
[WhiteElo "1736"]
[BlackElo "1774"]
[Annotator "NA RC COMBH"]
[PlyCount "98"]
[EventDate "2022.05.13"]
[EventType "swiss"]
[EventCountry "NED"]
[SourceTitle "playchess.com"]
[Source "ChessBase"]
[SourceQuality "1"]
[TimeControl "5400+30"]

1. e4 e6 2. Nc3 c5 3. f4 d5 4. Nf3 Nf6 5. Bb5+ Bd7 6. Bxd7+ Nbxd7 7. d3 a6 8. a4 Qc7 9. O-O dxe4 10. dxe4 Qc6 11. e5 Ne4 12. Nxe4 Qxe4 13. Re1 Qc6 14. c4 Be7 15. Qe2 O-O-O 16. b3 h6 17. Be3 Rdg8 18. Rad1 g5 19. Rd3 gxf4 20. Bxf4 Nf8 21. Qe4 Qxe4 22. Rxe4 Ng6 23. Bg3 Rd8 24. Ree3 Kc7 25. h4 h5 26. Kf2 Kc6 27. Ke2 Rhg8 28. Rxd8 Rxd8 29. Rd3 b5 30. axb5+ axb5 31. Rxd8 Bxd8 32. Ng5 Bxg5 33. hxg5 Ne7 34. Kd3 b4 35. Bf2 Kb6 36. Kc2 Nc6 37. Bg3 Nd4+ 38. Kb2 Ne2 39. Bh2 Kc6 40. Kc2 Nd4+ 41. Kb2 Nf5 42. Bf4 Nh4 43. g3 Nf3 44. Ka2 Ne1 45. g6 fxg6 46. Bg5 Nf3 47. Bf6 g5 48. Kb2 h4 49. Bxg5 h3 0-1

[Event "12th WLC Weekend 2022"]
[Site "Eindhoven"]
[Date "2022.05.14"]
[Round "4.19"]
[White "Oskam, Julian"]
[Black "Klapwijk, Leo"]
[Result "1-0"]
[ECO "A16"]
[WhiteElo "1627"]
[BlackElo "1828"]
[Annotator "NA RC COMBH"]
[PlyCount "73"]
[EventDate "2022.05.13"]
[EventType "swiss"]
[EventCountry "NED"]
[SourceTitle "playchess.com"]
[Source "ChessBase"]
[SourceQuality "1"]
[TimeControl "5400+30"]

1. c4 Nf6 2. g3 g6 3. Bg2 Bg7 4. Nc3 c6 5. Nf3 e6 6. e4 d6 7. d4 Nbd7 8. Bf4 Qe7 9. Qd2 h6 10. h3 g5 11. Be3 Nb6 12. Qd3 Bd7 13. a4 a5 14. e5 Nh5 15. exd6 Qd8 16. c5 Nd5 17. Nxd5 exd5 18. Qe2 Be6 19. O-O O-O 20. Ne5 Nf6 21. b4 axb4 22. Rfb1 Ne4 23. Bxe4 dxe4 24. Rxb4 Ra7 (24... Bxh3 {was necessary.} 25. Rxb7 Bxe5) 25. Kh2 Kh7 26. Qc2 Bd5 (26... f5 $16 27. Rab1 Bxe5) 27. Rab1 Qa8 $18 (27... Bxe5 28. dxe5 f5 29. Rxb7+ Rf7) 28. Nd7 Rd8 29. Nb6 Qb8 30. Nxd5 cxd5 31. Qb3 Qa8 32. Qxd5 Rxa4 33. Qxe4+ Kh8 34. Rxa4 Qxa4 35. Rxb7 Re8 36. Qd5 Qa6 37. Qxf7 1-0

[Event "12th WLC Weekend 2022"]
[Site "Eindhoven"]
[Date "2022.05.14"]
[Round "4.20"]
[White "Verweij, David"]
[Black "Krueger, Andre"]
[Result "1-0"]
[ECO "A04"]
[WhiteElo "1728"]
[BlackElo "1970"]
[Annotator "TA"]
[PlyCount "65"]
[EventDate "2022.05.13"]
[EventType "swiss"]
[EventCountry "NED"]
[SourceTitle "playchess.com"]
[Source "ChessBase"]
[SourceQuality "1"]
[TimeControl "5400+30"]

1. e4 c5 2. d3 Nc6 3. g3 g6 4. Bg2 Bg7 5. Nf3 d6 6. O-O e6 7. c3 e5 8. Nbd2 Nge7 9. a3 O-O 10. b4 h6 {[%emt 0:02:31] A04: Unusual lines after 1 Nf3 and King's Indian Attack.} 11. Bb2 {[%emt 0:06:45] is the legacy move (11.Nb3).} Be6 12. d4 (12. b5 $5 Na5 13. c4 $11) 12... exd4 {[%emt 0:01:47] The position is equal.} 13. cxd4 cxb4 {[%emt 0:05:04] [#]} 14. Rb1 $146 (14. axb4 {is interesting.} Nxb4 15. d5 Bxb2 16. Rb1) ({Predecessor:} 14. axb4 Nxb4 15. Ba3 a5 16. d5 Bd7 17. Rb1 Bb5 18. Re1 Bd3 19. Bxb4 Bxb1 20. Ba3 {1-0 (41) Savicevic,V (2411)-Stojanovic,D (2433) Leskovac 2002}) 14... d5 15. axb4 dxe4 16. Nxe4 Bd5 17. Re1 Nxb4 18. Ba3 a5 19. Nc3 Bc6 20. Qb3 Ned5 21. Ne5 (21. Nxd5 $15 Bxd5 22. Qa4) 21... Nxc3 $17 22. Nxc6 bxc6 23. Qxc3 Qxd4 (23... Bxd4 $142 24. Qd2 Rb8) 24. Qf3 {[%emt 0:09:11] [#]} Rab8 $1 25. Rbd1 Qf6 26. Qb3 (26. Qxf6 $17 Bxf6 27. Rd6) 26... Qc3 27. Qa4 Rfe8 ({Black should try} 27... c5 {...Nd3 is the strong threat.} 28. Re2 Rbd8) 28. Rxe8+ Rxe8 29. Qxa5 c5 {[%emt 0:04:53] And now ...Re1+ would win.} 30. Bf1 Bd4 {[%emt 0:02:42][%cal Od4f2] White must now prevent ...Bxf2+!} 31. Bxb4 cxb4 32. Qd5 Bc5 {[%emt 0:02:21][%mdl 8192] [#]} ({Resist} 32... Bxf2+ 33. Kxf2 Rc8 34. Be2 $16) (32... Bb6 $17 {stays on course. aiming for ...Rd8.} 33. Rd3 Qc5 34. Qxc5 Bxc5) 33. Bc4 $1 {[%emt 0:00:58] Weighted Error Value: White=0.19 (very precise) /Black=0.38} 1-0

[Event "12th WLC Weekend 2022"]
[Site "Eindhoven"]
[Date "2022.05.14"]
[Round "4.21"]
[White "Van Zon, Paul"]
[Black "Broekhuis, Jan"]
[Result "1-0"]
[ECO "D36"]
[WhiteElo "2000"]
[BlackElo "1845"]
[Annotator "TA"]
[PlyCount "89"]
[EventDate "2022.05.13"]
[EventType "swiss"]
[EventCountry "NED"]
[SourceTitle "playchess.com"]
[Source "ChessBase"]
[SourceQuality "1"]
[TimeControl "5400+30"]

1. d4 d5 2. c4 e6 3. Nc3 Nf6 4. cxd5 exd5 5. Bg5 Nbd7 6. e3 c6 7. Bd3 Bd6 8. Nge2 O-O 9. Qc2 h6 10. Bh4 Re8 11. Bg3 {[%emt 0:13:15] D36: Queen's Gambit Declined: Exchange Variation: Main line (5 Bg5 c6 6 Qc2).} Nf8 12. O-O Bg4 13. f3 {[%emt 0:03:13] The position is equal.} Bh5 14. Bf2 Bg6 {[%emt 0:04:03] [#]} 15. e4 $146 ({Predecessor:} 15. Kh1 Bxd3 16. Qxd3 Qe7 17. Ng3 Bxg3 18. hxg3 Ng6 19. g4 Qe6 20. b4 h5 21. g5 {0-1 (44) Vifleemskaia,S (1926)-Levine,J (2073) Chess.com INT 2021}) 15... dxe4 16. fxe4 Ng4 17. h3 Nf6 (17... Nxf2 $17 18. Rxf2 c5) 18. Rad1 $36 {[%emt 0:03:57][%mdl 2048] White is in control.} Bc7 19. e5 Nd5 {[%emt 0:03:10] aiming for ...Nb4.} 20. Bxg6 Nxg6 21. Ne4 Qe7 22. N2g3 Nh4 {[%emt 0:09:42] [#] Against Nf5} 23. Qe2 ({White should try} 23. Nh5 $1 $16 Ng6 24. a3) 23... Rad8 (23... f5 $1 $11 {keeps the balance.} 24. exf6 Nxf6 25. Nxf6+ (25. Qc4+ Nd5 $15) 25... Qxf6) 24. Qg4 $16 Ng6 (24... g5 $16) 25. Nf5 $18 Qe6 26. Nc5 Qc8 27. e6 (27. Bh4 Ne3 28. Nxe3 Qxg4 29. hxg4 (29. Nxg4 Nxh4 30. Ne3 Bb6 $11) 29... Nxh4 $11) (27. Rde1 $18 {is more deadly.}) 27... Ndf4 $2 (27... fxe6 $16 {is more resistant.} 28. Nxh6+ Kh7) 28. exf7+ Kxf7 {[%emt 0:01:45] White must now prevent ...h5.} 29. Be3 $2 (29. Bg3 $18 Ne2+ 30. Kh2 Bxg3+ 31. Nxg3+ Nef4 32. Nf5 (32. Qh5 Kg8 $15)) 29... Rxe3 (29... h5 $16 30. Qg5 Rxe3 31. Nxe3 Kg8) 30. Nxe3 {[%emt 0:00:05] Dancing on a razor blade.} Qxg4 31. Nxg4 Kg8 32. Rfe1 {[%emt 0:01:46] Inhibits Ne2+.} (32. Nxb7 Rb8 $11) 32... h5 33. Ne5 {[%emt 0:03:24] Hoping for Nxg6.} (33. Nxb7 Rb8 34. Ne5 Nxe5 35. dxe5 Rxb7 $15) 33... Nh4 34. g3 (34. Nxb7 $6 Rb8 $16) 34... Nxh3+ 35. Kh2 Nf2 {[%emt 0:02:34] [#]} 36. Rd2 (36. Nxb7 Rb8 37. gxh4 (37. Rd2 Ng4+ 38. Kh3 Nxe5 $11) 37... Nxd1 38. Rxd1 Rxb7 $15) (36. Ne6 $1 $16 Bxe5 37. Nxd8 Nxd1 38. Rxd1 Nf3+ 39. Kg2 Nxd4 40. Nxb7) 36... Ng4+ $1 $11 37. Kh3 Nxe5 38. Ne6 $2 (38. Nxb7 $11 {and White has nothing to worry.} Rb8 39. Rxe5 (39. gxh4 Ng6 $17) (39. dxe5 Nf3 $15) 39... Bxe5 40. dxe5) 38... Nhf3 ({Better is} 38... Nef3 $19 39. Nxd8 Nxe1 40. gxh4 Bxd8) 39. Nxd8 $15 {[%emt 0:00:20][%cal Od2d1] Strongly threatening Rdd1!} Nxe1 $4 (39... Nxd2 $15 {keeps the upper hand.} 40. Rxe5 Bxe5 41. dxe5 Nf3) 40. dxe5 {[%emt 0:00:11][%cal Bd4e5,Be5e6,Be6e7][%mdl 32] KRN-KBN} Nf3 (40... Bxe5 $142 41. Rd7 a6 42. Rxb7 c5) 41. e6 $18 {[%emt 0:00:53] Threatening mate with e7.} ({Less strong is} 41. Rd7 Bxd8 42. Rxd8+ Kh7 $18) 41... Ng5+ $2 (41... Nxd2 42. e7 Bxd8 43. e8=Q+ Kh7 44. Qxh5+ Kg8 45. Qe8+ Kh7 46. Qxd8 $18) (41... Kf8) 42. Kh4 {[%emt 0:00:09] White wants to mate with e7.} Ne4 43. e7 Nf6 44. Ne6 {[%emt 0:00:40] And now Ng5 would win.} Bb6 45. Ng5 {[%emt 0:00:15] Weighted Error Value: White=0.38/Black=0.91} 1-0

[Event "12th WLC Weekend 2022"]
[Site "Eindhoven"]
[Date "2022.05.14"]
[Round "4.22"]
[White "De Vries, Leon"]
[Black "Molenaar, Toine"]
[Result "1/2-1/2"]
[ECO "D00"]
[WhiteElo "1951"]
[BlackElo "1823"]
[Annotator "TA"]
[PlyCount "71"]
[EventDate "2022.05.13"]
[EventType "swiss"]
[EventCountry "NED"]
[SourceTitle "playchess.com"]
[Source "ChessBase"]
[SourceQuality "1"]
[TimeControl "5400+30"]

1. d4 d5 2. Nc3 Nf6 3. Bf4 e6 4. Nb5 Na6 5. e3 c6 6. Nc3 {[%emt 0:00:13] D00: 1 d4 d5: Unusual lines.} Nb8 7. Nf3 Be7 8. h3 O-O 9. Bd3 Nbd7 10. Ne5 c5 11. O-O {[%emt 0:04:33] [#]} Ne8 $146 ({Predecessor:} 11... a6 12. b3 b5 13. Nc6 Qe8 14. Re1 Bb7 15. Nxe7+ Qxe7 16. Bg5 c4 17. Bf1 Qb4 18. Qd2 Rac8 19. a3 Qd6 {1-0 (30) Boehning,K (2199)-Meissner,F (1741) Wil 2020}) 12. Nxd7 Bxd7 13. dxc5 Bxc5 14. e4 Qf6 (14... Bc6 $11) 15. Qg4 $14 Qe7 16. exd5 {[%emt 0:07:32] aiming for Rae1.} e5 {[%emt 0:02:37][%cal Be6e5,Be5e4][%mdl 32] [#]} 17. Qh5 {[%emt 0:01:04] White is much more active. The black rooks are badly placed.} f5 $11 18. Rae1 e4 19. g4 {[%emt 0:15:00] [#]} (19. Bc4 $14 {stays ahead.} Nd6 20. Bb3) 19... Qf6 (19... Bd6 $1 $17 20. Bc4 b5) 20. Bc4 {[%emt 0:08:45] Strongly threatening d6+.} fxg4 {[%emt 0:02:32] [#]} (20... Bd6 $1 $15 {keeps the upper hand.} 21. g5 Qd4) 21. d6+ {[%emt 0:00:30] Really sharp!} (21. Rxe4 Nd6 22. Be3 Nxc4 23. Bxc5 Nd2 24. hxg4 (24. Bxf8 $2 Rxf8 25. Rxg4 Nxf1 $19) 24... Rfe8 25. Rxe8+ Rxe8 $19) (21. Nxe4 Qxf4 22. d6+ (22. Nxc5 $2 Nf6 $19) 22... Kh8 23. Qxc5 (23. Nxc5 $2 Rf5 $19) 23... Rc8 $17) (21. Be3 $1 $16 Bd6 22. Nxe4 Qxb2 23. Bd3 (23. hxg4 Nf6 $14)) 21... Kh8 22. Qxc5 ({Of course not} 22. Nxe4 Qxf4 23. Qxc5 (23. Nxc5 $2 Rf5 $19) 23... Rc8 $17) ({White should try} 22. Be3 $11 Bxd6 23. hxg4) 22... Qxf4 $15 23. Rxe4 Qxd6 (23... Qf6 {with more complications.} 24. Qe5 Nxd6 25. Qxf6 Rxf6 26. Re7 Bc6) 24. Qxd6 Nxd6 25. Rd4 Nxc4 26. Rxd7 gxh3 27. Re1 Rf6 28. Ree7 Rg6+ 29. Kh2 Nxb2 30. Rxb7 Nc4 31. Rxa7 Rb8 32. Nd5 Nd6 33. Nf4 Rf6 34. Nxh3 Nf5 35. Rf7 Rxf7 $1 36. Rxf7 {[%emt 0:00:09] Weighted Error Value: White=0.24 (precise) /Black=0.23 (precise)} 1/2-1/2

[Event "12th WLC Weekend 2022"]
[Site "Eindhoven"]
[Date "2022.05.14"]
[Round "4.23"]
[White "Geboers, Jimmy"]
[Black "Van Kuijk, Vadim"]
[Result "0-1"]
[ECO "D48"]
[WhiteElo "1845"]
[BlackElo "1898"]
[Annotator "NA RC COMBH"]
[PlyCount "74"]
[EventDate "2022.05.13"]
[EventType "swiss"]
[EventCountry "NED"]
[SourceTitle "playchess.com"]
[Source "ChessBase"]
[SourceQuality "1"]
[TimeControl "5400+30"]

1. d4 d5 2. c4 c6 3. Nc3 Nf6 4. e3 e6 5. Nf3 Nbd7 6. Bd3 dxc4 7. Bxc4 b5 8. Bd3 a6 9. e4 c5 10. d5 Qc7 11. O-O Be7 12. dxe6 fxe6 13. Ng5 Nf8 14. f4 h6 15. Nf3 Bb7 16. e5 Nd5 17. Nxd5 Bxd5 18. Qc2 O-O-O 19. Be3 g5 20. fxg5 hxg5 21. Bxg5 Bxg5 22. Nxg5 Qxe5 $16 (22... Nd7 $11 {keeps the balance.} 23. Nf7 {[#]} Nxe5 $1 24. Nxe5 (24. Nxh8 Ng4 $11) 24... Qxe5 25. Qxc5+ Kb8) 23. Qxc5+ Kb7 24. Nf3 Qh5 25. Qf2 Nd7 26. a4 Ne5 27. Be2 Rdg8 $2 (27... Nxf3+ $19 28. gxf3 Rdg8+ 29. Kh1 Rg4 30. a5 $15 (30. axb5 Rh4 31. Kg1 Rxh2 32. Qg3 Rxe2 33. Qg7+ Kb8)) 28. Kh1 Ng4 $1 29. Qg1 Nxh2 30. Nxh2 Qxh2+ 31. Qxh2 Bxg2+ 32. Kg1 Bxf1+ 33. Kxf1 Rxh2 34. Bf3+ Kb6 35. axb5 axb5 36. Rc1 Rf8 37. Rc6+ Ka5 0-1

[Event "12th WLC Weekend 2022"]
[Site "Eindhoven"]
[Date "2022.05.15"]
[Round "5.1"]
[White "Roebers, Eline"]
[Black "Beerdsen, Thomas"]
[Result "1/2-1/2"]
[ECO "B99"]
[WhiteElo "2369"]
[BlackElo "2497"]
[Annotator "TA"]
[PlyCount "66"]
[EventDate "2022.05.13"]
[EventType "swiss"]
[EventCountry "NED"]
[SourceTitle "playchess.com"]
[Source "ChessBase"]
[SourceQuality "1"]
[TimeControl "5400+30"]

1. e4 c5 2. Nf3 d6 3. d4 cxd4 4. Nxd4 Nf6 5. Nc3 a6 6. Bg5 e6 7. f4 Be7 8. Qf3 Qc7 9. O-O-O Nbd7 10. f5 e5 {[%emt 0:10:37] B99: Sicilian Najdorf: 6 Bg5 e6 7 f4 Be7 8 Qf3 Qc7 9 0-0-0 Nbd7.} (10... Ne5 $5 11. Qg3 Nh5 $11) 11. Nde2 (11. Nb3 $142) 11... b5 $1 $11 12. Bxf6 Nxf6 13. Nd5 Nxd5 14. exd5 Bb7 15. Ng3 O-O-O 16. Kb1 Kb8 {[%emt 0:01:20] [#]} 17. c4 $146 ({White should try} 17. Be2 $14) ({Predecessor:} 17. Qb3 Rc8 18. Ne4 Qa5 19. c4 bxc4 20. Bxc4 Rc7 21. Rc1 Rhc8 22. Rhd1 Ka7 23. a3 {1-0 (37) Berg,E (2558)-Mikalsen,E (2286) Oslo 2015}) 17... Rc8 18. Rc1 e4 19. Qf4 Bf6 20. Nxe4 Be5 {[%emt 0:00:14] A strong pair of Bishops.} 21. Qd2 (21. Qe3 {is more complex.} Qa5 22. Nd2 Bf6 23. Bd3) 21... Qb6 22. Be2 bxc4 23. Rxc4 Rxc4 ({Much worse is} 23... Bxd5 24. Rb4 Bxe4+ 25. Rxe4 $11 (25. Ka1 Rc6 $11)) (23... a5 $5 24. Rcc1 {[#]} Bxd5 $1 $15) 24. Bxc4 Rc8 25. Rc1 g6 {[%emt 0:05:23][%mdl 1024] Black has compensation.} 26. f6 h6 27. g3 g5 28. a3 {[%emt 0:05:38] The position is equal.} Rc7 29. Rc2 Ka7 30. Qd3 {[%emt 0:02:56] Active counter play!} Bc8 31. Qb3 Bf5 (31... Qd4 $5 32. Qd3 (32. Bd3 $2 Rb7 $19) 32... Qg1+ 33. Qf1 Qd4 $11) 32. Qxb6+ Kxb6 33. Bd3 Rxc2 {[%emt 0:00:35] Weighted Error Value: White=0.15 (very precise) /Black=0.10 (very precise)} 1/2-1/2

[Event "12th WLC Weekend 2022"]
[Site "Eindhoven"]
[Date "2022.05.15"]
[Round "5.2"]
[White "Van Roon, Sjoerd"]
[Black "Elgersma, Onno"]
[Result "0-1"]
[ECO "B12"]
[WhiteElo "2264"]
[BlackElo "2303"]
[Annotator "TA"]
[PlyCount "130"]
[EventDate "2022.05.13"]
[EventType "swiss"]
[EventCountry "NED"]
[SourceTitle "playchess.com"]
[Source "ChessBase"]
[SourceQuality "1"]
[TimeControl "5400+30"]

1. e4 c6 2. d4 d5 3. e5 Bf5 4. Nf3 e6 5. Be2 c5 6. Be3 Qb6 7. Nbd2 {[%emt 0:05:24] B12: Caro-Kann: Advance Variation.} (7. Nc3 $142) 7... Nc6 $11 8. dxc5 Bxc5 9. Bxc5 {[%emt 0:01:53] Black is slightly better.} Qxc5 10. c3 Qb6 11. Nb3 (11. Qb3 $15) 11... Nge7 12. O-O {[%emt 0:00:55] [#]} O-O (12... Be4 $1 $17) 13. Bd3 Bxd3 14. Qxd3 Ng6 {[%emt 0:00:05] [#]} 15. Rae1 $146 ({Predecessor:} 15. Rfe1 Qc7 16. Nbd4 Ncxe5 17. Nxe5 Nxe5 18. Qg3 f6 19. Nxe6 Qf7 20. Nxf8 Rxf8 21. Rad1 {1-0 (47) Candamil Neira,G (1800)-Jurado Perez,O (1835) Pasao 1997}) 15... a5 16. Qe3 Qxe3 17. Rxe3 a4 18. Nbd4 Ra6 19. g3 Rb6 20. Rb1 Rc8 21. Nc2 Kf8 22. a3 Ke7 23. Nb4 Kf8 24. Re2 Nxb4 25. cxb4 Rc4 26. Rd1 Ne7 27. Ng5 Nf5 28. Nxh7+ Ke7 (28... Kg8 $5 29. Ng5 Nd4 $11) 29. Ng5 Nd4 {[%emt 0:00:13] Inhibits Nf3.} 30. Re3 Rbc6 31. Nf3 Nb3 32. Re2 Rc2 33. Rde1 Rxe2 {[%emt 0:06:36] Black is more active.} ({Black should play} 33... d4 $1 $15 34. Rxc2 Rxc2) 34. Rxe2 $15 {[%emt 0:00:08][%mdl 4096] Endgame KRN-KRN} Rc1+ 35. Kg2 Rb1 36. Rc2 Kd7 {[%emt 0:01:47] Prevents Rc7+.} (36... d4 $11 {remains equal.}) 37. Nd2 (37. h4 $16) 37... Re1 $1 $11 38. Nxb3 axb3 {[%emt 0:00:02] KR-KR} 39. Rc3 Rxe5 40. Kf1 {[%emt 0:00:05] Prevents Re2.} d4 41. Rd3 Rd5 42. f4 f6 {[%emt 0:01:30] Threatens to win with ...e5.} 43. Ke2 e5 44. fxe5 fxe5 {[%emt 0:00:01] And now ...Ke6 would win.} 45. Kf3 $1 Ke6 46. Ke4 Rd8 {[%emt 0:00:17] Hoping for ...Rh8.} 47. Rf3 g6 {[%emt 0:00:12] Strongly threatening ...Rc8.} 48. g4 Rh8 49. h3 b5 50. Rxb3 Rc8 {[%emt 0:00:04] White must now prevent ...Rc1.} (50... Rf8 $5 51. Rf3 Rxf3 52. Kxf3 g5 $11) 51. Rf3 $2 {[%emt 0:00:44][%mdl 8192] Black keeps a firm grip on the game.} (51. a4 $1 $11 bxa4 52. Ra3) 51... Rc1 $19 {[%emt 0:01:21] ( -> ...Re1+)} 52. g5 $2 (52. Rf8 $19 Re1+ 53. Kd3) 52... Re1+ 53. Kd3 e4+ 54. Kd2 Rh1 (54... exf3 $142 55. Kxe1 Kf5 56. h4 d3 57. b3 Ke4 58. h5 Ke3 59. Kd1 f2 60. Kc1 f1=Q+ 61. Kb2 d2 62. a4 d1=Q 63. axb5 Qfe2+ 64. Kc3 Qde1#) 55. Rf8 Rh2+ 56. Kc1 Rh1+ $2 (56... Ke5 $19 57. Re8+ Kf4 58. Rf8+ Ke3) 57. Kc2 (57. Kd2 $11 Rh2+ 58. Ke1) 57... d3+ 58. Kd2 Kd5 59. Rd8+ Kc4 60. Rc8+ Kb3 61. Re8 Rh2+ {[%emt 0:00:00][%mdl 64] Skewer} 62. Kd1 Kxb2 {[%emt 0:00:23] Black mates.} 63. Rxe4 {[%emt 0:01:00] [#]} Kc3 $1 64. Re8 Rh1+ 65. Re1 Rxe1+ {[%emt 0:00:07] Weighted Error Value: White=0.76/Black=0.28 (precise)} 0-1

[Event "12th WLC Weekend 2022"]
[Site "Eindhoven"]
[Date "2022.05.15"]
[Round "5.3"]
[White "Baselmans, Sam"]
[Black "Bruil, Rembrandt"]
[Result "1/2-1/2"]
[ECO "B25"]
[WhiteElo "2175"]
[BlackElo "2122"]
[Annotator "TA"]
[PlyCount "78"]
[EventDate "2022.05.13"]
[EventType "swiss"]
[EventCountry "NED"]
[SourceTitle "playchess.com"]
[Source "ChessBase"]
[SourceQuality "1"]
[TimeControl "5400+30"]

1. e4 c5 2. Nc3 Nc6 3. g3 g6 4. Bg2 Bg7 5. d3 e6 6. Be3 d6 7. f4 Nge7 8. Nf3 Rb8 9. O-O O-O {[%emt 0:05:49] is the legacy move (9...Nd4).} 10. Rb1 {[%emt 0:00:33] has lost popularity (10.Qd2).} b5 $1 {[%emt 0:03:25] The main line 10...b5 scores better than 10...Nd4.} 11. a3 f5 {[%emt 0:06:53] B25: Closed Sicilian: 3 g3, lines without early Be3.} 12. Qd2 {[%emt 0:07:23][%cal Oe4e5] [#]} b4 $146 ({Predecessor:} 12... a5 13. Nd1 Nd4 14. Nxd4 cxd4 15. Bf2 Ba6 16. Re1 e5 17. c3 dxc3 18. Nxc3 Qd7 {0-1 (35) Putz,G (1599)-Golder,W (1872) Germany 2011}) 13. axb4 cxb4 {[%emt 0:00:48] The position is equal.} 14. Ne2 a5 15. c3 Bd7 16. Bf2 a4 17. Qc2 Ra8 (17... Qa5 $1 $15) 18. Ra1 Qc7 (18... Qc8 {is interesting.} 19. Rxa4 Rxa4 20. Qxa4 Nd4) 19. exf5 gxf5 (19... Nxf5 $11 20. Rxa4 Rxa4 21. Qxa4 bxc3 22. bxc3 Ncd4 $1) 20. Rfe1 (20. Rxa4 $14 {is more appropriate.} b3 21. Qxb3) 20... Nd5 $11 21. c4 b3 22. Qd2 Ndb4 23. Nfd4 {[%emt 0:07:05][%cal Bf3d4,Bd4b3,Bb3d4][%mdl 32] Inhibits Nc2.} (23. Ned4 {is more complex.} Bxd4 24. Nxd4 Nxd4 25. Bxd4 Nc2 26. Bxa8 Rxa8 27. Qf2) 23... Ra6 24. Bxc6 Nxc6 25. Nxb3 $1 Rb8 (25... Qb7 $5 26. Nbd4 Nxd4 27. Bxd4 (27. Nxd4 Rb8 $11) 27... e5 $11) 26. Nbd4 Nd8 $2 {[%emt 0:00:43] [#]} (26... Nxd4 $11 27. Nxd4 (27. Bxd4 Bxd4+ 28. Nxd4 Qb6 $11) 27... Qb7) 27. Nc3 (27. b4 $1 $18 {is more deadly.}) 27... Qa5 28. Qc2 Qb4 29. Reb1 {[%emt 0:07:32] White is more active.} d5 30. Na2 {[%emt 0:07:55] Pair of Knights!} Qb7 ({Black should try} 30... Qf8 $11) 31. b4 $14 {[%emt 0:05:13] Hoping for b5.} axb3 32. Rxb3 Qa8 {[%emt 0:00:06] aiming for ...Rxb3.} 33. Rxb8 Qxb8 34. cxd5 ({Better is} 34. Rb1 $14 Qa7 35. Nxf5) 34... Qa8 $1 $15 35. Qc7 Ra7 {[%emt 0:01:01][%mdl 1024] Black has compensation.} 36. Qc5 Ra5 (36... Rxa2 37. Rxa2 Qxa2 38. Qe7 Qxd5 39. Qxd8+ Kf7 40. Qb6 $11) (36... exd5 $15 37. Nc2 Rxa2 38. Rxa2 Qxa2) 37. Qb6 Ra6 (37... exd5 $5 38. Qd6 Ra7 $17) 38. Qc7 Ra7 39. Qc5 Ra5 {[%emt 0:00:49] Weighted Error Value: White=0.21 (precise) /Black=0.25 (precise)} ({Much worse is} 39... Rxa2 40. Rxa2 Qxa2 41. Qe7 Qxd5 42. Qxd8+ Kf7 43. Nf3 $11) ({Black should play} 39... exd5 $17 40. Qe7 Nf7) 1/2-1/2